 Dungeon Crawl Stone Soup version 0.26-a0-438-g4b1dca4f87 (webtiles) character file.

Game seed: 6601448532259775511

242 KristoblXynda the Slasher (level 5, -8/46 HPs)
             Began as a Draconian Monk on July 26, 2020.
             Was a Believer of Cheibriados.
             Mangled by Dowan
             ... wielding a +4 dagger of distortion
              (13 damage)
             ... on level 4 of the Dungeon.
             The game lasted 00:04:21 (2830 turns).

KristoblXynda the Slasher (Draconian Monk)          Turns: 2830, Time: 00:04:22

Health: -8/46      AC:  5    Str: 17    XL:     5   Next: 82%
Magic:  6/6        EV: 14    Int: 15    God:    Cheibriados [**....]
Gold:   184        SH:  0    Dex: 18    Spells: 4/4 levels left

rFire    . . .     SeeInvis .   g - +2 dagger (venom)
rCold    . . .     Faith    .   (no shield)
rNeg     . . .     Spirit   .   (armour unavailable)
rPois    .         Reflect  .   (helmet restricted)
rElec    .         Harm     .   (no cloak)
rCorr    .                      (no gloves)
MR       .....                  (no boots)
Stlth    +.........             (no amulet)
HPRegen  0.15/turn              (no ring)
MPRegen  0.10/turn              (no ring)

@: glowing, very slow
A: unfitting armour, cold-blooded, AC +5
a: Bend Time, Renounce Religion


You were on level 4 of the Dungeon.
You worshipped Cheibriados.
Cheibriados was pleased with you.
You visited 1 branch of the dungeon, and saw 4 of its levels.

You collected 184 gold pieces.

Inventory:

Hand Weapons
 a - a +0 falchion
 g - a +2 dagger of venom (weapon)
Jewellery
 d - a cursed ring of protection from cold {unknown}
 r - an uncursed ring of resist corrosion
Wands
 n - a wand of flame (18)
 q - a wand of digging (3)
Scrolls
 e - a scroll of fog
 f - 3 scrolls of teleportation
 i - 2 scrolls of fear
 k - a scroll of remove curse {unknown}
 l - a scroll of amnesia {unknown}
 m - a scroll of immolation {unknown}
 o - a scroll of identify {unknown}
 s - a scroll of magic mapping {unknown}
Potions
 c - a potion of haste {unknown}
 h - a potion of flight {unknown}
 p - a potion of mutation {unknown}


   Skills:
 - Level 4.0 Fighting
 + Level 4.3 Long Blades
 + Level 3.9 Dodging
 + Level 2.6 Stealth
 + Level 2.3 Invocations


You had 4 spell levels left.
You didn't know any spells.
Your spell library was empty.

Dungeon Overview and Level Annotations

Branches:
Dungeon (4/15)
 Temple: D:4-7

Altars:
Cheibriados
Dithmenos
Kikubaaqudgha

Annotations:
D:4 Dowan


Innate Abilities, Weirdness & Mutations

Your plain brown scales are hard. (AC +5)
You cannot fit into any form of body armour.
You are cold-blooded and may be slowed by cold attacks.


Message History

Dowan casts a spell at you. The shard of ice hits you!
* * * LOW HITPOINT WARNING * * *
Dowan misses you.
Unknown command.
It was a potion of curing.
You feel better. Dowan barely misses you.
You feel better. Dowan completely misses you.
Dowan says, "How can I live without her?"
Dowan gestures at you while chanting. The stone arrow hits you!
* * * LOW HITPOINT WARNING * * *
You closely miss Dowan.
Dowan is lightly wounded.
Dowan hits you but does no damage.
You hit Dowan.
Dowan is poisoned.
Dowan is lightly wounded.
Dowan hits you with a +4 dagger of distortion.
* * * LOW HITPOINT WARNING * * *
Space warps horribly around you!
You die...

................##......
................##......
..........##....[.......
.)........##............
..........##............
........).####...(......
..................#..).(
###....e#.........##....
.......@+.......##......
........#....... ......
............#.#.
###.#.......#.#
#.#........ . #
#........[ ###.###.. #..
...


You could see Dowan (fast, very poisoned).

Vanquished Creatures
  Duvessa (D:4)
  An iguana (D:3)
  Ijyb (D:3)
  3 adders
  2 oozes
  2 worms
  3 leopard geckos
  A bat (D:3)
  A giant cockroach (D:1)
  2 goblins
  6 hobgoblins
  7 jackals (D:1)
  2 quokkas (D:2)
  A ball python (D:1)
  2 frilled lizards (D:2)
  4 kobolds
  8 rats
47 creatures vanquished.

Notes
Turn   | Place    | Note
-------+----------+-------------------------------------------
     0 | D:1      | KristoblXynda the Draconian Monk began the quest for the
                  | Orb.
     0 | D:1      | Reached XP level 1. HP: 19/19 MP: 1/1
   192 | D:1      | Reached XP level 2. HP: 25/26 MP: 2/2
   911 | D:2      | Reached XP level 3. HP: 33/33 MP: 3/3
  1321 | D:2      | Found an ancient bone altar of Kikubaaqudgha.
  1670 | D:3      | Found a snail-covered altar of Cheibriados.
  1694 | D:3      | Became a worshipper of Cheibriados the Contemplative
  1694 | D:3      | Reached * piety under Cheibriados
  1694 | D:3      | Reached ** piety under Cheibriados
  1734 | D:3      | Found a shadowy altar of Dithmenos.
  1824 | D:3      | Reached XP level 4. HP: 40/40 MP: 4/4
  1873 | D:3      | Reached skill level 1 in Invocations
  1876 | D:3      | Noticed Ijyb
  1897 | D:3      | Killed Ijyb
  2461 | D:3      | Found a faded altar of an unknown god.
  2791 | D:4      | Noticed Dowan
  2795 | D:4      | Noticed Duvessa
  2810 | D:4      | Reached XP level 5. HP: 26/46 MP: 6/6
  2818 | D:4      | HP: 2/46 [Duvessa/+0 short sword (12)]
  2819 | D:4      | Killed Duvessa
  2830 | D:4      | Mangled by Dowan

Illustrated notes

Levels and vault maps discovered:
D:1:      evilmike_arrival_plus, layout_loops_ring
D:2:      layout_basic, old_standard_altar, kennysheep_decorative_pillar
D:3:      layout_loops_ring, lemuel_crystal_altar,
          chequers_ecumenical_altar_lobes, grunt_dithmenos_smoke, uniq_ijyb
D:4:      layout_basic, gammafunk_temple_overflow_claw, uniq_blork_the_orc,
          uniq_duvessa

Skill      XL: |  1  2  3  4  5 |
---------------+----------------+-----
Dodging        | 3 |  3.9
Fighting       | 4 |  4.0
Invocations    | 1 2 |  2.3
Stealth        | 2 |  2.6
Long Blades    | 4 |  4.3

Action                   |  1- 3 |  4- 6 || total
-------------------------+-------+-------++-------
Melee: Falchion          |    60 |       ||    60
       Dagger            |    38 |    57 ||    95
       Tailslap          |     9 |    16 ||    25
Evoke: Wand              |       |     1 ||     1
  Use: Scroll            |       |     3 ||     3
       Potion            |       |     5 ||     5
 Stab: Sleeping          |     6 |     1 ||     7
Armor: Skin              |    28 |    19 ||    47
Dodge: Dodged            |    61 |    47 ||   108
       Rpst.: Falchion   |     5 |       ||     5

Table legend: (Time is in decaauts)
 A = Elapsed time spent in this place.
 B = Non-inter-level travel time spent in this place.
 C = Inter-level travel time spent in this place.
 D = Time resting spent in this place.
 E = Time spent auto-exploring this place.
 F = Levels seen in this place.
 G = Mean time per level.
                   A        B        C        D        E       F      G
               +--------+--------+--------+--------+--------+-----+--------+
         Total |   3097 |   3008 |     89 |    410 |   2045 |   4 |  774.2 |
       Dungeon |   3097 |   3008 |     89 |    410 |   2045 |   4 |  774.2 |
               +--------+--------+--------+--------+--------+-----+--------+

Top non-repeatable levels by time:
     D:3: 1284 daAuts
     D:1: 894 daAuts
     D:2: 756 daAuts
     D:4: 162 daAuts
